Map: Lerilak Crest

Players

LilDicky - Winner!

  • Race: Terran Terran
  • League: Diamond

Trigeminal

  • Race: Zerg Zerg

VOD

http://www.twitch.tv/tumescentpie

Description

Time

  • Played on: Nov. 23, 2015, 12:12 p.m.
  • Length: 12:07
Show
View Real Time Build Order
Export as new Build Order

LilDicky Terran - Winner!

Build Orders:  

Get SALT Encoding   

  12  0:01  SCV  
  13  0:13  SCV  
  14  0:18  Supply Depot  
  14  0:25  SCV  
  15  0:33  Refinery  
  15  0:40  SCV  
  16  0:45  Barracks  
  16  0:52  SCV  
  17  1:06  SCV  
  18  1:18  SCV  
  19  1:32  Reaper  
  20  1:33  Supply Depot  
  20  1:34  Orbital Command  
  20  2:04  Reaper  
  21  2:08  Command Center  
  21  2:09  SCV  
  22  2:16  Factory  
  22  2:20  Refinery  
  22  2:21  SCV  
  23  2:33  SCV  
  24  2:45  SCV  
  24  2:48  Barracks Reactor  
  25  2:58  SCV  
  26  3:08  Supply Depot  
  26  3:10  SCV  
  27  3:20  SCV  
  28  3:29  Starport  
  26  3:56  Hellion x2  
  26  3:57  SCV  
  26  4:00  Orbital Command  
  31  4:04  Barracks Tech Lab  
  31  4:07  Starport Reactor  
  31  4:09  SCV  
  32  4:17  Supply Depot  
  32  4:18  Hellion x2  
  32  4:21  SCV  
  37  4:25  SCV  
  38  4:33  SCV  
  39  4:40  Liberator x2  
  36  4:45  SCV  
  37  4:53  Supply Depot  
  37  4:54  SCV  
  37  4:56  Hellion x2  
  37  4:58  SCV  
  49  5:06  SCV  
  50  5:10  Command Center, SCV  
  50  5:12  Supply Depot  
  51  5:14  Marine  
  51  5:16  Stimpack  
  51  5:18  SCV  
  57  5:21  Hellion x2  
  57  5:22  SCV  
  57  5:28  Liberator x2  
  58  5:30  SCV  
  58  5:34  SCV  
  60  5:37  Barracks x2  
  60  5:42  SCV  
  67  6:02  SCV x2  
  69  6:04  Hellion x2  
  69  6:08  Refinery  
  69  6:09  Refinery  
  69  6:11  Liberator  
  73  6:14  SCV x2  
  73  6:17  Bunker  
  74  6:24  SCV  
  75  6:26  SCV  
  75  6:32  SCV  
  80  6:37  Marine  
  81  6:40  SCV  
  82  6:56  Marine  
  82  7:00  Liberator x2  
  83  7:05  Hellion x2  
  87  7:36  Orbital Command  
  85  7:39  Refinery  
  85  7:40  SCV x2, Refinery  
  85  7:43  Barracks Reactor, Barracks Tech Lab, Liberator x2  
  85  7:45  Starport  
  85  7:46  Marine  
  85  7:47  Widow Mine x2  
  90  7:52  SCV  
  87  8:03  Marine  
  89  8:19  Marine x3  
  92  8:21  Marine  
  93  8:44  Starport Tech Lab  
  93  8:45  Supply Depot x2  
  93  8:51  Supply Depot  
  93  8:52  Supply Depot  
  93  8:53  Hellion x2, Marauder x2  
  101  8:58  Marine  
  101  9:02  SCV x3  
  99  9:03  Marine  
  100  9:14  Marine  
  100  9:15  Hellion x2, Marauder  
  100  9:16  Marine  
  101  9:21  Banshee, Marine  
  101  9:22  Viking x2  
  101  9:23  SCV x3  
  112  9:27  Engineering Bay x2  
  109  9:33  Marine, Marauder  
  109  9:36  Marine  
  113  9:39  Marine  
  112  9:51  Marine  
  109  9:53  Marine  
  109  9:54  Marauder  
  109  9:56  Marine  
  107  10:03  Medivac x2  
  107  10:04  SCV  
  107  10:09  Marine  
  107  10:12  Marauder  
  109  10:14  Marine  
  109  10:15  Marauder  
  112  10:22  Supply Depot x2  
  112  10:27  Marine  
  113  10:28  Barracks x2  
  113  10:30  Barracks  
  113  10:32  Armory, Marine  
  113  10:33  Marauder  
  113  10:34  Missile Turret  
  116  10:37  Missile Turret, Marauder  
  116  10:39  SCV  
  119  10:44  SCV  
  119  10:46  SCV  
  119  10:47  Marine  
  122  10:50  Marine  
  122  10:51  SCV  
  122  10:53  Concussive Shells  
  122  10:54  Medivac, Marine  
  122  10:55  Widow Mine x2, Medivac  
  131  10:58  SCV x2, Marine  
  131  11:02  Supply Depot  
  134  11:05  Marine  
  134  11:06  Medivac  
  134  11:08  Marine  
  134  11:09  Supply Depot  
  136  11:11  Supply Depot  
  136  11:12  Marauder  
  136  11:14  Missile Turret  
  136  11:16  Supply Depot, Marauder, Marine  
  141  11:21  Marine  
  141  11:23  Barracks Tech Lab, Marine  
  141  11:24  Medivac  
  145  11:25  Marine  
  145  11:26  Supply Depot  
  146  11:32  Supply Depot  
  146  11:33  Supply Depot, Marine  
  146  11:34  Marauder  
  146  11:37  Marauder  
  146  11:39  Marine  
  152  11:41  Marine  
  152  11:43  Marine  
Show
View Real Time Build Order
Export as new Build Order

Trigeminal Zerg 

Build Orders: Hatch First 

Get SALT Encoding   

  12  0:01  Drone  
  13  0:12  Overlord  
  13  0:19  Drone  
  14  0:40  Drone  
  15  0:47  Hatchery  
  14  0:50  Drone  
  14  0:54  Drone  
  16  0:58  Drone  
  16  1:02  Drone  
  18  1:17  Spawning Pool  
  17  1:20  Extractor  
  16  1:28  Drone x2  
  18  1:34  Drone  
  19  1:56  Overlord  
  19  2:03  Queen  
  19  2:04  Queen  
  19  2:06  Zergling x4  
  25  2:12  Drone  
  25  2:13  Drone  
  27  2:17  Drone  
  28  2:23  Metabolic Boost  
  28  2:38  Zergling x4  
  30  2:46  Drone  
  30  2:47  Drone x2  
  33  2:57  Zergling x4  
  34  3:09  Drone  
  34  3:12  Overlord x2, Roach Warren  
  34  3:29  Drone  
  34  3:30  Drone x3  
  38  3:36  Evolution Chamber  
  38  3:39  Evolution Chamber, Drone  
  37  4:04  Zerg Missile Weapons Level 1  
  37  4:05  Zerg Ground Armor Level 1  
  37  4:10  Drone x5, Extractor  
  37  4:11  Drone x6  
  37  4:12  Extractor  
  46  4:28  Hatchery  
  42  4:47  Drone x4  
  42  4:48  Extractor  
  45  4:54  Lair  
  45  4:57  Hatchery  
  44  5:06  Roach x3  
  50  5:09  Drone x2  
  50  5:11  Hatchery  
  51  5:15  Drone  
  52  5:30  Overlord x2  
  52  5:43  Zergling x4  
  54  5:53  Glial Reconstitution  
  54  5:56  Roach x3  
  60  5:58  Roach x2  
  60  5:59  Roach x2  
  60  6:03  Hydralisk Den  
  66  6:11  Zerg Ground Armor Level 2, Zerg Missile Weapons Level 2  
  66  6:13  Roach  
  66  6:14  Roach, Zergling x2  
  64  6:30  Drone  
  64  6:31  Drone x5  
  64  6:32  Drone x2  
  72  6:39  Hydralisk  
  72  6:40  Hydralisk  
  72  6:45  Muscular Augments  
  76  6:56  Hydralisk  
  76  7:00  Overlord x2  
  67  7:18  Spire  
  67  7:21  Roach x6  
  67  7:22  Roach x2  
  76  7:44  Ravager x3  
  79  7:45  Ravager  
  79  7:50  Drone x4, Extractor x2  
  79  7:51  Drone x6  
  86  7:52  Drone x2  
  86  7:53  Zergling x2  
  75  8:17  Overlord  
  75  8:19  Queen  
  69  8:20  Queen  
  69  8:22  Drone x2  
  65  8:30  Corruptor x2  
  65  8:31  Corruptor  
  77  8:36  Spine Crawler  
  77  8:38  Zergling x2  
  72  8:42  Queen x2  
  72  8:49  Zergling x2  
  72  8:51  Roach  
  72  8:53  Corruptor  
  66  9:04  Corruptor  
  70  9:14  Corruptor  
  60  9:27  Hydralisk  
  64  9:37  Roach x2  
  54  10:04  Hydralisk x5  
  64  10:11  Drone  
  65  10:14  Drone x3  
  65  10:19  Drone  
  65  10:20  Drone  
  70  10:23  Queen  
  70  10:24  Queen x2  
  76  10:29  Drone x2  
  76  10:33  Infestation Pit  
  76  10:35  Overseer  
  74  10:42  Queen  
  74  10:43  Drone x2  
  74  10:44  Drone x4  
  74  10:47  Drone x2  
  84  10:59  Pneumatized Carapace  
  83  11:21  Corruptor x5  
  83  11:22  Corruptor  
  95  11:28  Hatchery  
  95  11:31  Drone  
Tags
 
Add a new tag
Caveats
  • Supply blocks, unpowered buildings, or Contaminate may cause inaccurate times.
  • Supply counts are checked every 10 seconds.